 Dungeon Crawl Stone Soup version 0.24-a0-537-g2d01d4ab0a (webtiles) character file.

Game seed: 3018963874723002197

163 Aggronaut the Sneak (level 5, -6/24 HPs)
             Began as a Spriggan Enchanter on Aug 16, 2019.
             Mangled by Blork the orc
             ... wielding a +2 war axe of electrocution
              (14 damage)
             ... on level 4 of the Dungeon.
             The game lasted 00:08:48 (4671 turns).

Aggronaut the Sneak (Spriggan Enchanter)            Turns: 4671, Time: 00:08:50

Health: -6/24      AC:  3    Str:  4    XL:     5   Next: 20%
Magic:  8/10       EV: 19    Int: 17    God:
Gold:   190        SH:  0    Dex: 21    Spells: 3/9 levels left

rFire    . . .     SeeInvis +   q - -3 rapier (curse)
rCold    + . .     Gourm    .   (shield restricted)
rNeg     . . .     Faith    .   b - +1 robe
rPois    .         Spirit   .   (helmet restricted)
rElec    .         Reflect  .   (no cloak)
rCorr    .         Harm     .   (gloves unavailable)
MR       .....                  (boots unavailable)
Stlth    ++++......             (no amulet)
HPRegen  0.08/turn              g - ring of protection from cold
MPRegen  0.12/turn              n - +4 ring of dexterity

@: very slightly contaminated, very quick
A: very small, unfitting armour, see invisible, herbivore, speed 3, slow
metabolism 2
a: no special abilities


You were on level 4 of the Dungeon.
You were very hungry.

You visited 1 branch of the dungeon, and saw 4 of its levels.

You collected 190 gold pieces.

Inventory:

Hand Weapons
 a - a +2 dagger
 e - a +1 dagger of electrocution
 q - a cursed -3 rapier (weapon)
Missiles
 m - a throwing net (quivered)
Armour
 b - a +1 robe (worn)
Jewellery
 g - a ring of protection from cold (left hand)
 n - a +4 ring of dexterity (right hand)
Wands
 i - a wand of enslavement (10)
Potions
 c - a potion of resistance
 f - a potion of flight
 h - a potion of mutation
 j - a potion of haste {unknown}
 k - a potion of degeneration {unknown}
 l - a potion of cancellation {unknown}
 o - a potion of might
Comestibles
 d - 12 rations


   Skills:
 + Level 2.8 Short Blades
 - Level 3.0 Dodging
 + Level 5.9 Stealth
 - Level 2.6 Spellcasting
 * Level 5.7 Hexes


You had 3 spell levels left.
You knew the following spells:

 Your Spells              Type           Power        Failure   Level  Hunger
a - Corona                Hex            ###....      1%          1    #......
b - Ensorcelled Hibernat  Hex/Ice        ##....       9%          2    ##.....
c - Confuse               Hex            ###.....     5%          3    ###....

Your spell library contained the following spells:

 Spells                   Type           Power        Failure   Level  Hunger
 Tukima's Dance           Hex            ###.....     5%          3    ###....
 Dazzling Spray           Conj/Hex       ##....       17%         3    ###....


Dungeon Overview and Level Annotations

Branches:
Dungeon (4/15)
 Temple: D:4-7

Altars:

Annotations:
D:3 1 runed translucent door, xoxolimbo's ghost, amateur DsFE
D:4 Blork the orc


Innate Abilities, Weirdness & Mutations

You are very small and have problems with some larger weapons.
You are too small for most types of armour.
You have supernaturally acute eyesight. (SInv)
You are a herbivore.
You cover ground extremely quickly.
You need to consume almost no food.


Message History

You kill the adder!
You start resting.
You feel sick. x6
You are no longer poisoned.
You start resting.
You are feeling very hungry.
Blork the orc comes into view.
He is wielding a +2 war axe of electrocution and carrying a wand of flame (21).
Found 2 scrolls labeled PANASU ATOSSO.
You see here a scroll of fear.
Casting: Ensorcelled Hibernation (safe; 9% risk of failure)
Confirm with . or Enter, or press ? or * to list all spells.
Aiming: Ensorcelled Hibernation (safe; 9% risk of failure)
Press: ? - help, Shift-Dir - straight line, f - Blork the orc
Aim: Blork the orc, wielding a +2 war axe of electrocution, wearing a +0 robe and carrying a wand of flame (21) (chance to defeat MR: 43%)
You miscast Ensorcelled Hibernation.
You are very lightly contaminated with residual magic.
Frost spreads across the the floor.
Blork the orc hits you with a +2 war axe of electrocution!
You are electrocuted!
Ouch! That really hurt!
You die...

#.....#
###.#...#
#.# ... #.#
# #.# # #
#.#.#.##
####.#?...#
#.....#####
#...@.....#
#...o..##.#
#.....^#
####...#
#####


You could see Blork the orc.

Vanquished Creatures
  A hound (D:4)
  Terence (D:2)
  2 adders
  2 oozes
  An adder skeleton (D:4)
  A worm (D:2)
  A dart slug (D:2)
  2 leopard geckos (D:2)
  4 orcs
  2 giant cockroaches
  7 goblins
  6 hobgoblins
  4 jackals (D:2)
  12 kobolds
  A quokka (D:2)
  A ball python (D:1)
  10 bats
  6 frilled lizards
  6 rats
70 creatures vanquished.

Notes
Turn   | Place    | Note
-------+----------+-------------------------------------------
     0 | D:1      | Aggronaut the Spriggan Enchanter began the quest for the
                  | Orb.
     0 | D:1      | Reached XP level 1. HP: 9/9 MP: 5/5
   261 | D:1      | Reached XP level 2. HP: 7/13 MP: 6/6
  1453 | D:2      | Reached skill level 5 in Stealth
  1453 | D:2      | Reached XP level 3. HP: 14/16 MP: 8/8
  1743 | D:1      | Learned a level 2 spell: Ensorcelled Hibernation
  1747 | D:1      | Learned a level 3 spell: Confuse
  2443 | D:2      | Noticed Terence
  2445 | D:2      | Killed Terence
  2445 | D:2      | Reached skill level 5 in Hexes
  2445 | D:2      | Reached XP level 4. HP: 21/21 MP: 9/9
  3285 | D:3      | Found a runed translucent door.
  3285 | D:3      | Noticed xoxolimbo's ghost (amateur DsFE)
  4432 | D:4      | Reached XP level 5. HP: 24/24 MP: 10/10
  4666 | D:4      | Noticed Blork the orc
  4671 | D:4      | Mangled by Blork the orc

Levels and vault maps discovered:
D:1:      lemuel_arrival_hallway, layout_basic, kennysheep_another_room,
          minmay_fountain_box
D:2:      layout_loops_ring, uniq_terence
D:3:      layout_basic, hellmonk_ghost_happy_afterlife
D:4:      layout_basic, minitemple, nemelex_altar_shiori, serial_shops, shop,
          first_ration, uniq_blork_the_orc, uniq_grinder

Skill      XL: |  1  2  3 |
---------------+----------+-----
Hexes          | 4 5 |  5.7
Stealth        | 5 |  5.9
Short Blades   | 2 |  2.8
Dodging        | |  3.0
Spellcasting   | |  2.6

Action                   |  1- 3 |  4- 6 || total
-------------------------+-------+-------++-------
Melee: Dagger            |   202 |    32 ||   234
       Rapier            |       |   156 ||   156
 Cast: Ensorcelled Hiber |     1 |    13 ||    14
       Corona            |       |     2 ||     2
  Use: Scroll            |       |    11 ||    11
 Stab: Sleeping          |    10 |    17 ||    27
  Eat: Ration            |       |     1 ||     1
Armor: Robe              |    16 |    24 ||    40
Dodge: Dodged            |   162 |   156 ||   318

Table legend:
 A = Non-vault XP
 B = Vault XP
 C = Vault XP percentage of total XP
 D = Non-vault monster count
 E = Vault monster count
 F = Vault count percentage of total count
                 A         B        C        D         E       F
            +---------+---------+-------+---------+---------+-------
      Total |     198 |      36 |  15.4 |      69 |       1 |   1.4
            +---------+---------+-------+---------+---------+-------
        D:1 |      28 |       0 |   0.0 |      20 |       0 |   0.0
        D:2 |      84 |      36 |  30.0 |      33 |       1 |   2.9
        D:3 |      27 |       0 |   0.0 |      12 |       0 |   0.0
        D:4 |      59 |       0 |   0.0 |       4 |       0 |   0.0
            +---------+---------+-------+---------+---------+-------
